 Dungeon Crawl Stone Soup version 0.22.1-1-ga44c0e5 (webtiles) character file.

8879 Elitist the Grappler (level 11, -10/115 HPs)
             Began as a Troll Artificer on Oct 19, 2018.
             Mangled by a salamander
             ... wielding a +0 halberd
              (14 damage)
             ... in a volcano.
             The game lasted 00:30:00 (9529 turns).

Elitist the Grappler (Troll Artificer)              Turns: 9529, Time: 00:30:00

Health: -10/115    AC:  7    Str: 25    XL:     11   Next: 15%
Magic:  11/11      EV: 11    Int:  7    God:
Gold:   266        SH:  0    Dex: 24    Spells: 10/10 levels left

rFire    . . .     SeeInvis .     - Unarmed
rCold    + . .     Gourm    +   (no shield)
rNeg     . . .     Faith    .   d - +0 troll leather armour
rPois    .         Spirit   .   (helmet restricted)
rElec    .         Reflect  .   (no cloak)
rCorr    .         Harm     .   (gloves unavailable)
MR       .....     Clarity  +   (boots unavailable)
Stlth    ++........             (no amulet)
HPRegen  1.09/turn              v - +6 ring of dexterity
MPRegen  0.12/turn              l - +6 ring of dexterity

@: very slightly contaminated, hasted, invisible, very quick
A: large, unfitting armour, claws 3, clarity, cold resistance 1, fast metabolism
3, gourmand, regeneration 1, shaggy fur 1, strong 1, tough skin 2
a: no special abilities


You were in a volcano.
You were not hungry.

You visited 2 branches of the dungeon, and saw 12 of its levels.
You also visited: Volcano.

You collected 534 gold pieces.
You spent 268 gold pieces at shops.

Inventory:

Hand Weapons
 b - a +1 blowgun
Missiles
 p - 13 curare-tipped needles
 A - 51 poisoned needles
Armour
 d - a +0 troll leather armour (worn)
 O - a +0 shield
 Q - a +2 robe of magic resistance
Jewellery
 l - a +6 ring of dexterity (right claw)
 v - a +6 ring of dexterity (left claw)
 J - the ring of Shadows {Umbra +Inv Stlth+}
   (You found it on level 4 of the Dungeon)

   [ring of stealth]

   It lets you turn invisible.
   It makes you more stealthy.
 P - an uncursed ring of see invisible
Wands
 a - a wand of flame (22)
 e - a wand of random effects (67)
 s - a wand of acid (7)
 x - a wand of paralysis (38)
 E - a wand of disintegration (15)
 K - a wand of polymorph (10)
Scrolls
 g - 4 scrolls of magic mapping
 y - 4 scrolls of teleportation
 D - 2 scrolls of fog
 I - 4 scrolls of blinking
 L - a scroll of remove curse
Potions
 i - a potion of brilliance
 j - a potion of mutation
 n - 2 potions of flight
 r - 2 potions of curing
 u - 4 potions of agility
 B - 4 potions of might
Comestibles
 f - 17 rations


   Skills:
 + Level 9.4 Fighting
   Level 0.7 Short Blades
 + Level 1.5 Armour
 + Level 2.3 Dodging
 - Level 0.3 Stealth
 * Level 12.6 Unarmed Combat
 - Level 2.1 Evocations


You had 10 spell levels left.
You didn't know any spells.
Your spell library was empty.

Dungeon Overview and Level Annotations

Branches:
Dungeon (11/15)            Temple (0/1) D:5            Lair (1/6) D:10
    Orc: D:9-12

Altars:
Ashenzari
Hepliaklqana
Makhleb
Nemelex Xobeh
Qazlal
Sif Muna
Vehumet
The Shining One

Shops:
D:5 !   D:6 *(%*

Annotations:
Volcano exclusion: door


Innate Abilities, Weirdness & Mutations

You are too large for most types of armour.
You have claws for hands.
Your metabolism is lightning-fast.
You like to eat raw meat.
Your natural rate of healing is unusually fast.
You are covered in fur. (AC +1)
You have very tough skin. (AC +2)
You possess an exceptional clarity of mind.
Your flesh is cold resistant. (rC+)
Your muscles are strong. (Str +2)


Message History

Your salamander mystic closely misses the salamander mystic.
The salamander hits you but does no damage.
You are very lightly contaminated with residual magic.
Unknown command.
You feel better. The salamander completely misses you.
The salamander misses you.
You feel better.
The salamander hits you but does no damage.
Your salamander mystic closely misses the salamander mystic.
The salamander closely misses you.
The salamander mystic hits you with a scimitar.
* * * LOW HITPOINT WARNING * * *
You are engulfed in flames!
* * * LOW HITPOINT WARNING * * *
Unknown command.
You feel better. The salamander misses you.
The salamander hits you with a halberd!
* * * LOW HITPOINT WARNING * * *
You are engulfed in flames!
You die...

≈≈≈≈≈≈≈≈≈§≈≈≈≈≈§§§§≈≈≈≈§§§§≈§§≈≈≈
≈≈≈≈§≈≈≈§≈§§§§≈≈≈§§§≈§≈≈≈≈≈≈≈≈≈§≈
§§≈≈≈≈≈≈≈≈≈≈≈§≈≈≈§≈≈≈§≈§§≈§§≈≈≈≈≈
§≈≈≈≈≈≈≈§≈§≈≈≈§≈≈≈≈≈≈§≈≈≈≈§≈§§≈§≈
≈≈§§§§§≈≈§§§≈≈≈§≈≈≈≈§≈≈≈§≈≈§§≈≈≈§
≈≈§≈§≈§§≈§.≈≈≈≈§≈≈≈§≈§≈≈.≈≈§§≈≈§≈
§§≈§§≈§§.....§.§§...§....≈§≈§≈≈≈≈
§§≈≈§≈§#################.§≈§§§≈≈
≈≈≈≈≈≈.# +.NN@N+ #.§≈§≈§≈§
§≈≈≈§§.# #.8N8N# #.≈§≈§≈≈§
§≈≈§§§.# #.....# #.§§§≈≈≈§
≈§≈§≈§.###++###'###++###.≈§§§≈≈§
≈§§≈§≈.#......#.#......#.≈§≈≈≈≈§
≈≈≈≈≈≈.######.#.#.######.≈≈≈≈≈§§
≈≈≈≈≈≈.# #.# #.≈≈≈§≈§≈ §≈≈§≈≈.#
#.# #..≈≈≈≈≈≈ ≈§≈§≈≈.# #.#
#.≈§§≈≈≈≈


You could see a salamander mystic, 3 salamanders and a friendly salamander
mystic.

Vanquished Creatures
  A two-headed ogre (D:10)
  An unseen horror (D:10)
  A black mamba (Lair:1)
  A gargoyle (D:10)
  A spiny frog (Lair:1)
  A troll (D:10)
  3 hippogriffs
  Sigmund (D:3)
  3 fire bats
  4 yaks (D:9)
  A basilisk (Lair:1)
  A hungry ghost (D:8)
  6 orc warriors
  4 sky beasts
  3 phantoms
  2 ogres
  A necrophage (D:10)
  2 wolves (D:10)
  2 centaurs
  6 bullfrogs
  A gnoll sergeant (D:9)
  A water moccasin zombie (D:8)
  A water moccasin skeleton (D:5)
  2 killer bees
  A scorpion (D:9)
  5 wights
  2 howler monkeys
  4 electric eels (D:10)
  A crimson imp (D:6)
  4 lava snakes (Volcano)
  2 quasits
  A jelly (D:9)
  11 hounds
  4 bullfrog skeletons
  2 orc priests
  2 iguanas
  Natasha (thrice) (D:2)
  5 orc wizards
  6 worker ants
  A hound zombie (D:7)
  2 worker ant zombies
  10 gnolls
  A howler monkey skeleton (D:9)
  8 adders
  3 shadow imps
  3 adder skeletons
  A worm (D:2)
  5 dart slugs
  4 leopard geckos
  21 orcs
  2 ball pythons
  8 bats
  4 giant cockroaches
  8 goblins
  7 hobgoblins
  14 jackals
  5 quokkas
  6 frilled lizards
  11 kobolds
  5 rats
232 creatures vanquished.

Vanquished Creatures (collateral kills)
  A two-headed ogre (D:8)
  A gnoll sergeant (D:8)
  2 killer bees (D:8)
  2 gnolls (D:8)
  An adder (D:8)
  A shadow imp (D:8)
8 creatures vanquished.

Vanquished Creatures (others)
  A yak (D:9)
  A killer bee (D:8)
  A wight (D:10)
3 creatures vanquished.

Grand Total: 243 creatures vanquished

Notes
Turn   | Place    | Note
-------+----------+-------------------------------------------
     0 | D:1      | Elitist the Troll Artificer began the quest for the Orb.
     0 | D:1      | Reached XP level 1. HP: 18/18 MP: 1/1
    32 | D:1      | Reached skill level 1 in Fighting
    83 | D:1      | Reached skill level 1 in Unarmed Combat
    83 | D:1      | Reached XP level 2. HP: 22/27 MP: 2/2
   685 | D:2      | Reached XP level 3. HP: 35/35 MP: 3/3
   708 | D:2      | Noticed a centaur
   712 | D:2      | Killed a centaur
   712 | D:2      | Reached skill level 3 in Unarmed Combat
   712 | D:2      | Reached XP level 4. HP: 38/44 MP: 4/4
   717 | D:2      | Reached XP level 5. HP: 42/52 MP: 5/5
   775 | D:2      | Noticed Natasha
   779 | D:2      | Killed Natasha
   803 | D:2      | Found a faded altar of an unknown god.
  1168 | D:2      | Found a shattered altar of Ashenzari.
  1185 | D:2      | Noticed Natasha
  1198 | D:2      | Killed Natasha
  1288 | D:2      | Noticed Natasha
  1292 | D:2      | Killed Natasha
  1474 | D:3      | Reached skill level 4 in Unarmed Combat
  1546 | D:3      | Noticed Sigmund
  1579 | D:3      | Killed Sigmund
  1579 | D:3      | Reached XP level 6. HP: 55/62 MP: 6/6
  1920 | D:3      | Found a stormy altar of Qazlal.
  1925 | D:3      | Found a deep blue altar of Sif Muna.
  2051 | D:3      | Reached skill level 5 in Unarmed Combat
  2152 | D:3      | Reached XP level 7. HP: 65/70 MP: 7/7
  2593 | D:4      | Found the ring of Shadows {Umbra +Inv Stlth+}
  2902 | D:5      | Entered Level 5 of the Dungeon
  2935 | D:5      | Found a glowing golden altar of the Shining One.
  2986 | D:5      | Reached skill level 5 in Fighting
  3049 | D:5      | Found a staircase to the Ecumenical Temple.
  3111 | D:5      | Reached skill level 6 in Unarmed Combat
  3192 | D:5      | Found Xodghudi's Distillery.
  3239 | D:5      | Reached XP level 8. HP: 48/81 MP: 8/8
  3242 | D:5      | Bought a potion of might for 52 gold pieces
  3242 | D:5      | Bought a potion of curing for 39 gold pieces
  3242 | D:5      | Bought a potion of agility for 52 gold pieces
  3296 | D:5      | Gained mutation: You possess an exceptional clarity of
                  | mind. [potion of mutation]
  3296 | D:5      | Gained mutation: Your muscles are strong. (Str +2) [potion
                  | of mutation]
  3296 | D:5      | Gained mutation: Your flesh is cold resistant. (rC+)
                  | [potion of mutation]
  3476 | D:5      | Reached skill level 7 in Unarmed Combat
  3760 | D:6      | Found Henac's Food Boutique.
  3771 | D:6      | Found Mathe's Antique Weapon Shop.
  3936 | D:6      | Found Cetz's Assorted Antiques.
  4368 | D:6      | Found a hazy altar of Hepliaklqana.
  4384 | D:6      | Found Zirr's Assorted Antiques.
  4387 | D:6      | Bought a small bone amulet for 125 gold pieces
  4603 | D:7      | Reached skill level 8 in Unarmed Combat
  4661 | D:7      | Found a radiant altar of Vehumet.
  4791 | D:7      | Reached XP level 9. HP: 86/93 MP: 9/9
  5271 | D:8      | Reached skill level 9 in Unarmed Combat
  5395 | D:8      | Noticed a two-headed ogre
  5705 | D:8      | Killed a two-headed ogre
  5855 | D:8      | Reached skill level 10 in Unarmed Combat
  6635 | D:9      | Reached XP level 10. HP: 56/105 MP: 10/10
  6906 | D:9      | Found a sparkling altar of Nemelex Xobeh.
  6918 | D:9      | Found a burning altar of Makhleb.
  7203 | D:9      | Reached skill level 11 in Unarmed Combat
  7411 | D:10     | Entered Level 10 of the Dungeon
  7645 | D:10     | Noticed a gargoyle
  7646 | D:10     | Noticed an unseen horror
  7666 | D:10     | Killed an unseen horror
  7672 | D:10     | Killed a gargoyle
  8020 | D:10     | Found a staircase to the Lair.
  8427 | D:10     | Noticed a two-headed ogre
  8434 | D:10     | Killed a two-headed ogre
  8434 | D:10     | Reached skill level 12 in Unarmed Combat
  8453 | D:10     | Found Nexziss's Antique Armour Boutique.
  8940 | Lair:1   | Entered Level 1 of the Lair of Beasts
  8940 | Lair:1   | Noticed a spiny frog
  8950 | Lair:1   | Killed a spiny frog
  8950 | Lair:1   | Reached XP level 11. HP: 88/115 MP: 11/11
  9008 | Lair:1   | Found a dark tunnel.
  9018 | Lair:1   | Reached skill level 1 in Armour
  9042 | Lair:1   | HP: 8/172 [black mamba (9)]
  9156 | Volcano  | Entered a volcano
  9515 | Volcano  | Found a burning altar of Makhleb.
  9515 | Volcano  | Noticed a salamander mystic
  9529 | Volcano  | HP: 4/115 [salamander/halberd (12)]
  9529 | Volcano  | Mangled by a salamander

Skill      XL: |  1  2  3  4  5  6  7  8  9 10 11 |
---------------+----------------------------------+-----
Fighting       | 1 2 4 5 7 8 9 |  9.4
Unarmed Combat | 1 3 4 5 6 8 10 12 | 12.6
Dodging        | 2 |  2.3
Armour         | 1 |  1.5
Short Blades   | |  0.7
Stealth        | |  0.3
Evocations     | |  2.1

Action                   |  1- 3 |  4- 6 |  7- 9 | 10-12 || total
-------------------------+-------+-------+-------+-------++-------
Melee: Unarmed           |    64 |   115 |   328 |   180 ||   687
       Punch             |       |     1 |    15 |    14 ||    30
 Fire: Blowgun           |       |     3 |     2 |     8 ||    13
Throw: Tomahawk          |       |       |       |     2 ||     2
Evoke: Wand              |       |    10 |    18 |    23 ||    51
       Phantom mirror    |       |       |       |     1 ||     1
  Use: Potion            |       |     1 |     3 |    13 ||    17
       Scroll            |       |       |    10 |     9 ||    19
 Stab: Sleeping          |     1 |     1 |    10 |     2 ||    14
       Paralysed         |       |       |     1 |     4 ||     5
  Eat: Chunk             |    12 |    13 |    46 |    21 ||    92
Armor: Robe              |    20 |    31 |    91 |    34 ||   176
       Troll leather arm |       |       |       |    29 ||    29
       Skin              |       |       |       |     3 ||     3
Dodge: Dodged            |    31 |    47 |   163 |    92 ||   333
